 Dungeon Crawl Stone Soup version 0.23.2-40-g277498a001 (webtiles) character file.

Game seed: 3193311083955102614

170 DenSaoPin the Insei (level 5, 0/40 HPs)
             Began as a Demonspawn Skald on Oct 2, 2019.
             Slain by a centaur zombie (6 damage)
             ... on level 3 of the Dungeon.
             The game lasted 00:14:42 (5142 turns).

DenSaoPin the Insei (Demonspawn Skald)              Turns: 5142, Time: 00:14:42

Health: 0/40       AC:  3    Str: 12    XL:     5   Next: 26%
Magic:  4/8        EV: 12    Int: 15    God:
Gold:   70         SH:  0    Dex: 12    Spells: 7/8 levels left

rFire    . . .     SeeInvis .     - Unarmed
rCold    . . .     Gourm    .   (no shield)
rNeg     . . .     Faith    .   c - +0 robe (curse)
rPois    .         Spirit   .   l - +0 helmet
rElec    .         Reflect  .   (no cloak)
rCorr    .         Harm     .   (no gloves)
MR       .....                  (no boots)
Stlth    +.........             (no amulet)
HPRegen  0.13/turn              (no ring)
MPRegen  0.11/turn              (no ring)

@: infused (expiring)
A: talons 1, rot immunity
a: no special abilities


You were on level 3 of the Dungeon.
You were not hungry.

You visited 1 branch of the dungeon, and saw 3 of its levels.

You collected 70 gold pieces.

Inventory:

Hand Weapons
 a - a +0 short sword
 f - a +0 falchion
 h - a +1 antimagic spear
 j - a +3 dagger
Armour
 b - a +0 leather armour
 c - a cursed +0 robe (worn)
 i - a +0 animal skin
 l - a +0 helmet (worn)
Scrolls
 m - a scroll of fear {unknown}
Potions
 g - a potion of berserk rage {unknown}
 k - a potion of curing {unknown}
 n - a potion of brilliance {unknown}
 o - a potion of flight {unknown}
Comestibles
 d - 4 rations
 p - a chunk of flesh


   Skills:
 - Level 2.8 Fighting
 - Level 2.2 Short Blades
 - Level 0.8 Armour
 - Level 1.7 Dodging
 * Level 3.9 Unarmed Combat
 - Level 2.0 Spellcasting
 - Level 2.6 Charms


You had 7 spell levels left.
You knew the following spells:

 Your Spells              Type           Power        Failure   Level  Hunger
a - Infusion              Chrm           #...         8%          1    #......

Your spell library contained the following spells:

 Spells                   Type           Power        Failure   Level  Hunger
 Song of Slaying          Chrm           #.......     11%         2    ###....
 Shroud of Golubria       Chrm/Tloc      #.........   19%         2    ###....
 Regeneration             Chrm/Necr      #.........   36%         3    ###....
 Spectral Weapon          Hex/Chrm       #.......     36%         3    ###....


Dungeon Overview and Level Annotations

Branches:
Dungeon (3/15)

Altars:

Annotations:
D:2 Natasha


Innate Abilities, Weirdness & Mutations

You have sharp toenails.
You are immune to rotting.


Message History

There is a stone staircase leading up here.
You hit the centaur zombie. You claw the centaur zombie.
The centaur zombie is moderately damaged.
The centaur zombie hits you.
You hit the centaur zombie.
The centaur zombie is moderately damaged.
The bat misses you.
The centaur zombie hits you but does no damage.
The worm bites you!
You hit the centaur zombie! You punch the centaur zombie.
The centaur zombie is severely damaged.
The bat barely misses you. The centaur zombie hits you. The worm bites you!
* * * LOW HITPOINT WARNING * * *
The centaur zombie hits you.
* * * LOW HITPOINT WARNING * * *
You hit the centaur zombie.
The centaur zombie is almost destroyed.
Your magical infusion is running out.
The bat hits you but does no damage. The centaur zombie hits you.
You die...

# #######
# #......
# #......
# #[.....
# #......
# #......
#
......w##
#
......b@#
#
.......Z#
........#
......$##
.##.###
#. . #


You could see a worm, a centaur zombie and a bat.

Vanquished Creatures
  A scorpion (D:2)
  Robin (D:2)
  An adder (D:2)
  A shadow imp (D:2)
  2 oozes
  2 worms (D:2)
  A dart slug (D:1)
  2 leopard geckos (D:1)
  An orc (D:2)
  5 giant cockroaches
  16 goblins
  11 hobgoblins
  7 kobolds
  A quokka (D:2)
  4 bats
  6 frilled lizards
  11 rats
73 creatures vanquished.

Notes
Turn   | Place    | Note
-------+----------+-------------------------------------------
     0 | D:1      | DenSaoPin the Demonspawn Skald began the quest for the Orb.
     0 | D:1      | Reached XP level 1. HP: 16/16 MP: 3/3
   263 | D:1      | Gained mutation: You have sharp toenails. [demonic
                  | ancestry]
   263 | D:1      | Reached XP level 2. HP: 17/23 MP: 5/5
  1127 | D:1      | Reached skill level 1 in Unarmed Combat
  1510 | D:1      | Gained mutation: You are immune to rotting. [demonic
                  | ancestry]
  1510 | D:1      | Reached XP level 3. HP: 28/28 MP: 6/6
  2124 | D:2      | Reached skill level 2 in Unarmed Combat
  2512 | D:2      | Noticed Natasha
  3055 | D:2      | Noticed Robin
  3064 | D:2      | Reached XP level 4. HP: 19/34 MP: 4/7
  3367 | D:2      | Killed Robin
  3431 | D:3      | HP: 1/34 [hobgoblin/+0 club (3)]
  3995 | D:2      | Reached skill level 3 in Unarmed Combat
  4263 | D:2      | HP: 1/34 [poisoned by a scorpion]
  4274 | D:2      | Reached XP level 5. HP: 20/40 MP: 1/8
  5142 | D:3      | Slain by a centaur zombie

Skill      XL: |  1  2  3  4 |
---------------+-------------+-----
Short Blades   | 2 |  2.2
Unarmed Combat | 1 2 3 |  3.9
Fighting       | |  2.8
Armour         | |  0.8
Dodging        | |  1.7
Spellcasting   | |  2.0
Charms         | |  2.6

Action                   |  1- 3 |  4- 6 || total
-------------------------+-------+-------++-------
Melee: Short sword       |    33 |       ||    33
       Unarmed           |   134 |    87 ||   221
       Kick              |    28 |    19 ||    47
       Punch             |       |     2 ||     2
 Cast: Infusion          |     8 |     8 ||    16
  Use: Scroll            |     3 |       ||     3
       Potion            |       |     2 ||     2
 Stab: Sleeping          |     1 |     1 ||     2
  Eat: Chunk             |     5 |     9 ||    14
Armor: Leather armour    |    38 |       ||    38
       Robe              |     3 |    22 ||    25
Dodge: Dodged            |    99 |    57 ||   156
